 Dungeon Crawl Stone Soup version 0.25-a0-424-g80bd347ae0 (webtiles) character file.

Game seed: 13107002920246589516, levelgen mode: deterministic

124 Bikalo the Sneak (level 5, -3/28 HPs)
             Began as a Kobold Enchanter on Jan 21, 2020.
             Slain by Alfie's ghost (6 damage)
             ... on level 3 of the Dungeon.
             The game lasted 00:05:34 (2799 turns).

Bikalo the Sneak (Kobold Enchanter)                 Turns: 2799, Time: 00:05:35

Health: -3/28      AC:  3    Str:  5    XL:     5   Next: 30%
Magic:  4/9        EV: 21    Int: 22    God:
Gold:   82         SH:  0    Dex: 21    Spells: 3/9 levels left

rFire    . . .     SeeInvis .   g - +1 dagger (drain)
rCold    . . .     Gourm    .   (shield restricted)
rNeg     . . .     Faith    .   b - +0 robe
rPois    .         Spirit   .   h - +0 helmet
rElec    .         Reflect  .   (no cloak)
rCorr    .         Harm     .   (no gloves)
MR       .....                  (no boots)
Stlth    ++++......             (no amulet)
HPRegen  0.09/turn              (no ring)
MPRegen  0.11/turn              (no ring)

@: brilliant, agile
A: small, carnivore
a: no special abilities


You were on level 3 of the Dungeon.
You were full.

You visited 1 branch of the dungeon, and saw 3 of its levels.

You collected 82 gold pieces.

Inventory:

Hand Weapons
 a - a +1 dagger
 g - a +1 dagger of draining (weapon)
Armour
 b - a +0 robe (worn)
 h - a +0 helmet (worn)
Scrolls
 c - a scroll of remove curse
 j - a scroll of fear {unknown}
 k - a scroll of amnesia {unknown}
 l - 2 scrolls of teleportation {unknown}
Potions
 f - 2 potions of brilliance
Comestibles
 d - 7 rations


   Skills:
 + Level 2.7 Short Blades
 + Level 3.2 Dodging
 + Level 4.7 Stealth
 + Level 2.8 Spellcasting
 * Level 3.9 Hexes
 + Level 1.1 Ice Magic


You had 3 spell levels left.
You knew the following spells:

 Your Spells              Type           Power        Failure   Level  Hunger
a - Corona                Hex            ####...      1%          1    None
b - Ensorcelled Hibernat  Hex/Ice        ####..       1%          2    ##.....
c - Tukima's Dance        Hex            ####....     1%          3    ###....

Your spell library contained the following spells:

 Spells                   Type           Power        Failure   Level  Hunger
 Confusing Touch          Hex            ####....     1%          3    ###....
 Dazzling Flash           Conj/Hex       ####..       2%          3    ###....


Dungeon Overview and Level Annotations

Branches:
Dungeon (3/15)

Altars:
Elyvilon
Yredelemnul

Annotations:
D:3 Alfie's ghost, amateur HuHu


Innate Abilities, Weirdness & Mutations

You are small and have problems with some larger weapons.
You are carnivorous and can eat meat at any time.


Message History

Confirm with . or Enter, or press ? or * to list all spells.
Aiming: Tukima's Dance (safe; 1% risk of failure)
Press: ? - help, Shift-Dir - straight line, f/p - Alfie's ghost
Aim: Alfie's ghost (severely damaged, not susceptible) Alfie's ghost's hands twitch.
Alfie's ghost completely misses you. Alfie's ghost hits you.
* * * LOW HITPOINT WARNING * * *
Alfie's ghost closely misses you.
You feel something passing dangerously close to your head.
Okay, then.
As you read the scroll labeled JIXOAZXEB DOUL, it crumbles to dust.
You feel blessed for a moment.
It was a scroll of remove curse.
Alfie's ghost barely misses you.
Casting: Tukima's Dance (safe; 1% risk of failure)
Confirm with . or Enter, or press ? or * to list all spells.
Aiming: Corona (safe; 1% risk of failure)
Press: ? - help, Shift-Dir - straight line, f/p - Alfie's ghost
Aim: Alfie's ghost (severely damaged, chance to defeat MR: 67%) Alfie's ghost is outlined in light.
Alfie's ghost hits you.
You die...

##≈.8≈#.##
#.......##
#≈#..#..###.....$..#
##[≈###.....†....#
#########.......#
#......#......#
#......#......#
#................
#.†....#########.
#.<@W..# #...†..#
########


You could see Alfie's ghost.

Vanquished Creatures
  A worker ant (D:2)
  A gnoll (D:1)
  An adder (D:2)
  5 oozes
  2 dart slugs (D:1)
  3 leopard geckos
  11 bats
  5 hobgoblins
  6 jackals
  2 frilled lizards
  8 goblins
  3 kobolds
  8 rats
56 creatures vanquished.

Notes
Turn   | Place    | Note
-------+----------+-------------------------------------------
     0 | D:1      | Bikalo the Kobold Enchanter began the quest for the Orb.
     0 | D:1      | Reached XP level 1. HP: 10/10 MP: 3/3
     2 | D:1      | Noticed a ghoul
     2 | D:1      | Noticed a spriggan
     4 | D:1      | Noticed a draconian
     4 | D:1      | Noticed a human
     6 | D:1      | Noticed a felid
     6 | D:1      | Noticed a merfolk
     8 | D:1      | Noticed a demonspawn
     8 | D:1      | Noticed a demigod
    11 | D:1      | Noticed an elf
    13 | D:1      | Noticed a gargoyle
    15 | D:1      | Noticed a vampire
    15 | D:1      | Noticed a naga
    17 | D:1      | Noticed a minotaur
    19 | D:1      | Noticed a formicid
    19 | D:1      | Noticed a dwarf
    21 | D:1      | Noticed an octopode
    23 | D:1      | Noticed a halfling
    23 | D:1      | Noticed a centaur
    25 | D:1      | Noticed a troll
    25 | D:1      | Noticed a vine stalker
    27 | D:1      | Noticed an ogre
    27 | D:1      | Noticed a tengu
    53 | D:1      | Reached XP level 2. HP: 15/15 MP: 5/5
   164 | D:1      | Reached XP level 3. HP: 19/19 MP: 6/6
   627 | D:1      | Learned a level 2 spell: Ensorcelled Hibernation
  1436 | D:1      | Reached XP level 4. HP: 24/24 MP: 7/7
  1441 | D:1      | Learned a level 3 spell: Tukima's Dance
  1964 | D:2      | Reached XP level 5. HP: 21/28 MP: 7/9
  2000 | D:2      | Reached skill level 1 in Ice Magic
  2387 | D:2      | Found a basalt altar of Yredelemnul.
  2442 | D:2      | Found a white marble altar of Elyvilon.
  2727 | D:3      | Found a large runed translucent door.
  2736 | D:3      | Found a large runed translucent door.
  2736 | D:3      | Noticed Alfie's ghost (amateur HuHu)
  2799 | D:3      | Slain by Alfie's ghost

Levels and vault maps discovered:
D:1:      kb_arrival_jail, layout_loops_ring, minmay_indecisive_spiral
D:2:      layout_basic, kennysheep_ying_yang
D:3:      layout_rooms, first_ration, ebering_ghost_disaster_area, uniq_sigmund

Skill      XL: |  1  2  3  4  5 |
---------------+----------------+-----
Short Blades   | 2 |  2.7
Dodging        | 3 |  3.2
Ice Magic      | 1 |  1.1
Stealth        | |  4.7
Spellcasting   | |  2.8
Hexes          | |  3.9

Action                   |  1- 3 |  4- 6 || total
-------------------------+-------+-------++-------
Melee: Dagger            |    89 |   115 ||   204
 Cast: Ensorcelled Hiber |     8 |    14 ||    22
       Corona            |     5 |     5 ||    10
       Tukima's Dance    |       |     1 ||     1
  Use: Potion            |       |     3 ||     3
       Scroll            |       |     1 ||     1
 Stab: Sleeping          |    11 |    12 ||    23
  Eat: Chunk             |     5 |     7 ||    12
Armor: Robe              |     9 |    18 ||    27
Dodge: Dodged            |    80 |    85 ||   165

Table legend:
 A = Non-vault XP
 B = Vault XP
 C = Vault XP percentage of total XP
 D = Non-vault monster count
 E = Vault monster count
 F = Vault count percentage of total count
                 A         B        C        D         E       F
            +---------+---------+-------+---------+---------+-------
      Total |     159 |      19 |  10.7 |      53 |       3 |   5.4
            +---------+---------+-------+---------+---------+-------
        D:1 |      62 |      19 |  23.5 |      25 |       3 |  10.7
        D:2 |      87 |       0 |   0.0 |      22 |       0 |   0.0
        D:3 |      10 |       0 |   0.0 |       6 |       0 |   0.0
            +---------+---------+-------+---------+---------+-------
